 Dungeon Crawl Stone Soup version 0.24.0-13-gcf9b319 (webtiles) character file.

Game seed: 18315907120883893276, levelgen mode: deterministic

16947 2bobheroes the Spear-Bearer (level 12, -6/95 HPs)
             Began as a Human Wanderer on Dec 30, 2019.
             Was a High Priest of Trog.
             Hit by a large rock thrown by a stone giant (37 damage)
             ... on level 9 of the Dungeon.
             The game lasted 00:58:59 (12865 turns).

2bobheroes the Spear-Bearer (Human Wanderer)       Turns: 12865, Time: 00:59:00

Health: -6/95      AC: 13    Str: 18    XL:     12   Next: 76%
Magic:  12/12      EV: 16    Int: 10    God:    Trog [*****.]
Gold:   554        SH:  0    Dex: 17    Spells: 11/11 levels left

rFire    . . .     SeeInvis .   D - +7 trident "Ciypten" {pierce, Dex+2}
rCold    . . .     Gourm    .   (no shield)
rNeg     . . .     Faith    .   g - +0 acid dragon scales
rPois    .         Spirit   .   W - +0 helmet
rElec    .         Reflect  .   P - +0 cloak
rCorr    +         Harm     .   s - +0 pair of gloves
MR       ++...                  I - +0 pair of boots
Stlth    ++++......             (no amulet)
HPRegen  1.25/turn              (no ring)
MPRegen  0.13/turn              (no ring)

@: regenerating, lightly drained
A: no striking features
a: Berserk, Trog's Hand, Brothers in Arms, Renounce Religion


You were on level 9 of the Dungeon.
You worshipped Trog.
Trog was extremely pleased with you.
You were hungry.

You visited 1 branch of the dungeon, and saw 12 of its levels.
You also visited: Sewer.

You collected 632 gold pieces.
You spent 78 gold pieces at shops.

Inventory:

Hand Weapons
 a - a +1 dagger of draining
 l - a +2 whip of venom
 m - a +1 halberd of protection
 r - a +1 dagger of pain
 t - a +1 dagger of chaos
 D - the +7 trident "Ciypten" (weapon) {pierce, Dex+2}
   (You found it on level 4 of the Dungeon)

   It inflicts extra damage upon your enemies.
   It affects your dexterity (+2).
 F - a +0 shortbow
 N - a +1 vampiric trident
Missiles
 d - 478 stones (quivered)
 n - 52 poisoned darts
 w - 106 arrows
 x - 10 curare-tipped darts
 B - 24 boomerangs
 H - 2 boomerangs of dispersal
 Z - 2 throwing nets
Armour
 g - +0 acid dragon scales (worn)
 q - a +0 plate armour
 s - a +0 pair of gloves (worn)
 G - +0 steam dragon scales
 I - a +0 pair of boots (worn)
 P - a +0 cloak (worn)
 W - a +0 helmet (worn)
Jewellery
 k - a cursed ring of attention {unknown}
 y - an uncursed ring of see invisible {unknown}
 Q - an uncursed ring of see invisible {unknown}
Wands
 o - a wand of paralysis (1)
 v - a wand of polymorph (4)
 A - a wand of scattershot (7)
 E - a wand of acid (25)
 L - a wand of clouds (6)
 V - a wand of digging (11)
 X - a wand of flame (19)
Scrolls
 e - 3 scrolls of magic mapping
 h - 4 scrolls of teleportation
 j - 3 scrolls of identify
 K - 4 scrolls of enchant weapon
 R - 3 scrolls of blinking
 S - 2 scrolls of fog
 U - a scroll of fear
 Y - a scroll of enchant armour {unknown}
Potions
 b - 12 potions of curing
 c - a potion of cancellation
 i - 3 potions of heal wounds
 p - a potion of agility
 u - 5 potions of might
 z - 3 potions of brilliance
 J - 2 potions of lignification
 M - a potion of mutation
 O - a potion of ambrosia {unknown}
 T - 2 potions of magic
Comestibles
 f - 26 rations
 C - 11 chunks of flesh


   Skills:
 + Level 9.2(9.0) Fighting
   Level 2.2(2.0) Long Blades
   Level 3.4(7.5) Axes
 * Level 10.8 Polearms
 + Level 8.9(8.7) Armour
 + Level 7.4(7.1) Dodging
 + Level 9.5(9.2) Stealth
   Level 1.0(0.8) Shields


You had 11 spell levels left.
You didn't know any spells.
Your spell library was empty.

Dungeon Overview and Level Annotations

Branches:
Dungeon (12/15)            Temple (0/1) D:4            Lair (0/6) D:9
    Orc (0/2) D:11          Sewer (visited)

Altars:
Ashenzari
Cheibriados
Dithmenos
Fedhas
Gozag
Kikubaaqudgha
Okawaru
Ru
Sif Muna
Trog
Uskayaw
Vehumet
Wu Jian
Xom
Yredelemnul

Shops:
D:5 (([   D:10 ?

Annotations:
D:11 Erica


Message History

Your two-headed ogre hits the stone giant with a +0 giant club!
Your two-headed ogre completely misses the stone giant.
The stone giant hits your two-headed ogre!!
Your two-headed ogre dies!
Your two-headed ogre's corpse disappears in a puff of smoke!
The stone giant throws a large rock.
The large rock hits you!!
* * * LOW HITPOINT WARNING * * *
You see here a large rock.
There is an open door, spattered with blood here.
Items here: )) [[ ÷÷ † Your skin crawls.
You feel resistant to hostile enchantments.
You feel somewhat more hungry.
The stone giant throws a large rock.
The large rock completely misses you.
You see here a large rock.
There is an open door here.
Your deep troll goes berserk!
You are feeling hungry.
The stone giant throws a large rock.
The large rock hits you!!!
You die...

.............#################.#<
......############## #.#. ...<..#
#>...#...># #... #####.#
#.§○.#....# ##.. ......#
#.§..#....# #.. #######
#§.§)#....# ##.
####)#)################.
#...§#....#...8#.....###
#.⌠..#.@..#....#.......#
#e.⌠.#T...#....#.......#
#.ere'....#....'....#####...#
#...r###########(.^.# #.... #....
#....# #.... #... #....# #....
#... #...C# ###.. #.. #8..[# ###
#+# ####[#


You could see a stone giant and a friendly deep troll (berserk).

Vanquished Creatures
  6 two-headed ogres
  An ogre mage (D:9)
  An unseen horror (D:10)
  Pikel (D:8)
  A deep elf mage (D:10)
  Maurice (D:8)
  Joseph (D:7)
  3 trolls
  A hornet (D:8)
  2 hippogriffs
  A meliai zombie (D:12)
  Sigmund (D:3)
  A wyvern (D:11)
  7 yaks
  A steam dragon (D:10)
  A warg (D:12)
  Menkaure (D:5)
  A vampire mosquito (D:9)
  A soldier ant (D:8)
  An acid dragon (D:12)
  3 water moccasins
  3 orc warriors
  A slave (D:8)
  2 sky beasts
  An ice beast (D:9)
  15 ogres
  2 necrophages
  4 centaurs
  A crocodile (D:10)
  3 big kobolds
  10 bullfrogs
  A water moccasin zombie (D:6)
  2 scorpions
  2 wyvern skeletons
  4 killer bees
  3 wights (D:11)
  A howler monkey (D:5)
  7 crimson imps
  3 jellies
  2 quasits
  3 bullfrog zombies
  7 orc priests
  2 centaur zombies
  3 hounds (D:6)
  20 orc wizards
  5 centaur skeletons
  3 bullfrog skeletons
  Ijyb (D:5)
  3 iguanas
  Natasha (thrice) (D:2)
  8 worker ants
  A killer bee zombie (D:6)
  A hound skeleton (D:8)
  3 howler monkey zombies
  23 adders
  A gnoll (D:9)
  5 river rats
  5 shadow imps
  An ooze (Sewer)
  An adder zombie (D:8)
  2 adder skeletons
  7 worms
  3 dart slugs
  3 leopard geckos
  54 orcs
  6 bats
  5 giant cockroaches
  15 hobgoblins
  9 jackals
  28 kobolds
  3 quokkas
  13 ball pythons
  6 frilled lizards
  A giant cockroach zombie (D:6)
  7 goblins
  A leopard gecko zombie (D:5)
  A quokka zombie (D:7)
  31 rats
398 creatures vanquished.

Vanquished Creatures (collateral kills)
  A centaur skeleton (D:9)
1 creature vanquished.

Grand Total: 399 creatures vanquished

Notes
Turn   | Place    | Note
-------+----------+-------------------------------------------
     0 | D:1      | 2bobheroes the Human Wanderer began the quest for the Orb.
     0 | D:1      | 2bobheroes set off with the following items: a +2 hand axe,
                  | 2 potions of curing, a +0 robe, a +0 dagger, a ration
     0 | D:1      | Reached XP level 1. HP: 19/19 MP: 1/1
   212 | D:1      | Reached XP level 2. HP: 22/25 MP: 2/2
   343 | D:1      | HP: 1/25 [kobold/+0 short sword (6)]
   785 | D:1      | Reached XP level 3. HP: 24/30 MP: 3/3
  1302 | D:2      | Noticed Natasha
  1306 | D:2      | Killed Natasha
  1306 | D:2      | Reached XP level 4. HP: 17/38 MP: 4/4
  1315 | D:2      | Found a bloodstained altar of Trog.
  1323 | D:2      | Became a worshipper of Trog the Wrathful
  1383 | D:2      | Found a shadowy altar of Dithmenos.
  1744 | D:2      | Noticed Natasha
  1757 | D:2      | Killed Natasha
  1757 | D:2      | Reached XP level 5. HP: 26/43 MP: 5/5
  1834 | D:2      | Noticed Natasha
  1842 | D:2      | Killed Natasha
  2528 | D:3      | Reached * piety under Trog
  2560 | D:3      | Reached XP level 6. HP: 47/49 MP: 6/6
  3028 | D:3      | Noticed Sigmund
  3040 | D:3      | Killed Sigmund
  3040 | D:3      | Reached skill level 1 in Long Blades
  3040 | D:3      | Reached XP level 7. HP: 55/55 MP: 7/7
  3363 | D:4      | Reached skill level 5 in Fighting
  3490 | D:4      | Reached ** piety under Trog
  3614 | D:4      | Found a staircase to the Ecumenical Temple.
  3630 | D:4      | Got a smoking trident
  3631 | D:4      | Identified the +7 trident "Ciypten" {pierce, Dex+2} (You
                  | found it on level 4 of the Dungeon)
  3750 | D:4      | Found an ornate altar of the Wu Jian Council.
  3817 | D:5      | Entered Level 5 of the Dungeon
  3822 | D:5      | Noticed Menkaure
  3825 | D:5      | Noticed Ijyb
  3829 | D:5      | Killed Menkaure
  3829 | D:5      | Reached skill level 1 in Polearms
  3842 | D:5      | Killed Ijyb
  3959 | D:5      | Found Onaurur's Antique Weapon Shop.
  3959 | D:5      | Found Nulu's Antique Weapon Shop.
  4076 | D:5      | Reached XP level 8. HP: 61/62 MP: 8/8
  4150 | D:5      | Found a shimmering altar of Xom.
  4171 | D:5      | Reached skill level 2 in Polearms
  4287 | D:5      | Found Afopaqi's Antique Armour Shoppe.
  4309 | D:5      | Reached skill level 1 in Dodging
  4428 | D:5      | Found an opulent altar of Gozag.
  4520 | D:5      | Reached skill level 5 in Armour
  4520 | D:5      | Reached skill level 5 in Stealth
  4654 | D:5      | Reached skill level 3 in Polearms
  4681 | D:5      | You fall into a shaft and drop 2 floors!
  4699 | D:7      | Noticed Joseph
  5030 | D:8      | Found a shattered altar of Ashenzari.
  5182 | D:8      | Reached XP level 9. HP: 69/69 MP: 9/9
  5187 | D:8      | Noticed Maurice
  5198 | D:8      | Killed Maurice
  5198 | D:8      | Reached skill level 4 in Polearms
  5327 | D:8      | Reached skill level 5 in Polearms
  5601 | D:7      | Reached *** piety under Trog
  5681 | D:7      | Noticed a hippogriff
  5948 | D:7      | Found a shimmering blue altar of Sif Muna.
  5960 | D:7      | Found an ancient bone altar of Kikubaaqudgha.
  5990 | D:7      | Identified Kikubaaqudgha's Compendium of Black Arts
  5996 | D:7      | Found a radiant altar of Vehumet.
  6414 | D:7      | Received a gift from Trog
  6496 | D:6      | Reached skill level 6 in Polearms
  6497 | D:6      | Reached XP level 10. HP: 68/77 MP: 10/10
  6511 | D:6      | Found a glowing drain.
  6525 | Sewer    | Entered a sewer
  6623 | Sewer    | Reached **** piety under Trog
  7323 | D:6      | Found a hide-covered altar of Uskayaw.
  7380 | D:6      | Reached skill level 7 in Polearms
  7777 | D:7      | Killed Joseph
  7942 | D:7      | Reached ***** piety under Trog
  8112 | D:7      | Found a sacrificial altar of Ru.
  8112 | D:7      | Found a basalt altar of Yredelemnul.
  8383 | D:8      | Reached skill level 5 in Dodging
  8716 | D:8      | You fall into a shaft and drop 3 floors!
  8716 | D:11     | Found a staircase to the Orcish Mines.
  8716 | D:11     | Noticed a two-headed ogre
  8981 | D:12     | Reached XP level 11. HP: 84/84 MP: 11/11
  8984 | D:12     | Reached skill level 8 in Polearms
  9043 | D:12     | Noticed a two-headed ogre
  9073 | D:12     | Killed a two-headed ogre
  9313 | D:12     | Noticed a two-headed ogre
  9330 | D:12     | Killed a two-headed ogre
  9512 | D:11     | Noticed Erica
  9818 | D:11     | Reached skill level 9 in Polearms
 10064 | D:11     | Received a gift from Trog
 10416 | D:11     | Killed a two-headed ogre
 10573 | D:10     | Entered Level 10 of the Dungeon
 10640 | D:9      | Noticed a deep elf mage
 10659 | D:9      | Noticed a sun demon
 10671 | D:10     | Killed a deep elf mage
 10994 | D:10     | Reached XP level 12. HP: 94/94 MP: 12/12
 11076 | D:10     | Found Arphu's Magic Scroll Emporium.
 11174 | D:10     | Killed an unseen horror
 11178 | D:10     | Bought a scroll of identify for 26 gold pieces
 11178 | D:10     | Bought a scroll of identify for 26 gold pieces
 11178 | D:10     | Bought a scroll of random uselessness for 13 gold pieces
 11178 | D:10     | Bought a scroll of noise for 13 gold pieces
 11453 | D:10     | Noticed a two-headed ogre
 11480 | D:10     | Killed a two-headed ogre
 11480 | D:10     | Reached skill level 10 in Polearms
 11760 | D:8      | Found a blossoming altar of Fedhas.
 11924 | D:8      | Noticed Pikel
 11938 | D:8      | Killed Pikel
 12102 | D:8      | Found a snail-covered altar of Cheibriados.
 12414 | D:9      | Found a staircase to the Lair.
 12450 | D:9      | Noticed a two-headed ogre
 12460 | D:9      | Killed a two-headed ogre
 12527 | D:9      | Found an iron altar of Okawaru.
 12648 | D:9      | Noticed a two-headed ogre
 12655 | D:9      | Killed a two-headed ogre
 12733 | D:9      | Noticed an ogre mage
 12733 | D:9      | Noticed a stone giant
 12767 | D:9      | Killed an ogre mage
 12780 | D:9      | Noticed a stone giant
 12865 | D:9      | Hit by a large rock thrown by a stone giant

Levels and vault maps discovered:
D:1:      minmay_arrival_four_loops, layout_basic
D:2:      layout_basic, marbit_many_paths, lemuel_round_altar,
          grunt_decor_mini_mirrors, uniq_natasha
D:3:      layout_basic, uniq_sigmund
D:4:      layout_basic, kennysheep_little_box,
          minmay_temple_entry_statues_fountains
D:5:      layout_basic, nicolae_tso_swordbearing_angel, led_xom_imps,
          first_ration, serial_shops, shop, shop, shop, shop,
          grunt_gozag_statues, uniq_ijyb, uniq_menkaure, uniq_eustachio
D:6:      minmay_chambers_of_sixes, layout_basic,
          eat_drink_and_be_merry_uskayaw, portal_sewer_entry_a
D:7:      layout_gridville, palyth_temple_overflow_mages,
          gammafunk_temple_overflow_elements, uniq_joseph
D:8:      layout_cave_pods, ashenzari_conservatory_becter,
          cheibrodos_worm_habitat, hangedman_pestilent_swarm, fedhas_altar_4,
          uniq_pikel, uniq_maurice
D:9:      minmay_klotski, layout_basic, lair_entry_dummy,
          okawaru_altar_gauntlet_db
D:10:     layout_roguey, serial_shops, nicolae_shop_waterfront, uniq_josephine
D:11:     layout_long_grid, david_orc_3, grunt_ministairs_3, uniq_erica
D:12:     minmay_skewed_foursquare, layout_irregular_city

Skill      XL: |  1  2  3  4  5  6  7  8  9 10 11 12 |
---------------+-------------------------------------+-----
Axes           | 2 3 |  3.4
Armour         | 2 3 4 5 6 7 8 |  8.9
Long Blades    | 1 2 |  2.2
Stealth        | 4 5 6 7 8 9 |  9.5
Fighting       | 5 6 7 8 9 |  9.2
Polearms       | 1 3 6 7 9 10 | 10.8
Dodging        | 2 3 5 6 7 |  7.4
Shields        | |  1.0

Action                   |  1- 3 |  4- 6 |  7- 9 | 10-12 || total
-------------------------+-------+-------+-------+-------++-------
Melee: Hand axe          |    82 |   140 |       |       ||   222
       Falchion          |       |    11 |    70 |       ||    81
       Trident           |       |       |   238 |   721 ||   959
Throw: Stone             |     2 |     7 |    17 |    17 ||    43
Invok: Berserk           |       |     1 |       |     2 ||     3
       Trog's Hand       |       |       |     2 |     6 ||     8
       Brothers in Arms  |       |       |       |     2 ||     2
Evoke: Wand              |       |     1 |     4 |       ||     5
  Use: Scroll            |       |       |     8 |    10 ||    18
       Potion            |       |       |       |     3 ||     3
 Stab: Sleeping          |     3 |     3 |    10 |    20 ||    36
       Paralysed         |       |     5 |     7 |       ||    12
       Distracted        |       |       |     1 |     2 ||     3
  Eat: Chunk             |     1 |     6 |    10 |    22 ||    39
       Ration            |       |       |     1 |     1 ||     2
Armor: Robe              |    25 |     8 |       |       ||    33
       Ring mail         |       |    30 |    84 |    44 ||   158
       Leather armour    |       |       |    45 |       ||    45
       Chain mail        |       |       |       |   169 ||   169
       Acid dragon scale |       |       |       |    53 ||    53
Dodge: Dodged            |    66 |    84 |   135 |   342 ||   627
       Rpst.: Falchion   |       |     2 |     7 |       ||     9
